 Dungeon Crawl Stone Soup version 0.27.1-33-g824d729ab1 (webtiles) character file.

Game seed: 2854782986722488117

45 pkoi the Insei (level 3, -1/31 HPs)
             Began as a Draconian Monk on Nov 29, 2021.
             Slain by Terence (2 damage)
             ... on level 2 of the Dungeon.
             The game lasted 00:01:13 (1685 turns).

pkoi the Insei (Draconian Monk)                     Turns: 1685, Time: 00:01:14

Health: -1/31      AC:  5    Str: 13    XL:     3   Next: 42%
Magic:  3/3        EV: 12    Int: 11    God:
Gold:   46         SH:  0    Dex: 13    Spells: 2/2 levels left

rFire    . . .     SeeInvis .     - Unarmed
rCold    . . .     Faith    .   (no shield)
rNeg     . . .     Spirit   .   (armour unavailable)
rPois    .         Reflect  .   (helmet restricted)
rElec    .         Harm     .   (no cloak)
rCorr    .         Rampage  .   (no gloves)
Will     .....                  (no boots)
Stlth    ++........             (no amulet)
HPRegen  0.10/turn              (no ring)
MPRegen  0.08/turn              (no ring)

@: no status effects
A: AC +5, unfitting armour, cold-blooded
a: no special abilities


You were on level 2 of the Dungeon.
You visited 1 branch of the dungeon, and saw 2 of its levels.

You collected 46 gold pieces.

Inventory:

Hand Weapons
 a - a +0 dagger of speed
Scrolls
 b - 2 scrolls of identify {unknown}
 d - a scroll of vulnerability {unknown}
 f - a scroll of amnesia {unknown}
Potions
 c - a potion of curing {unknown}
 e - a potion of berserk rage {unknown}


   Skills:
 - Level 3.2 Fighting
 - Level 2.6 Dodging
 - Level 1.7 Stealth
 + Level 4.5 Unarmed Combat


You had 2 spell levels left.
You didn't know any spells.
Your spell library was empty.

Dungeon Overview and Level Annotations

Branches:
Dungeon (2/15)

Altars:

Annotations:
D:2 Terence


Innate Abilities, Weirdness & Mutations

Your plain brown scales are hard. (AC +5)
You cannot fit into any form of body armour.
You are cold-blooded and may be slowed by cold attacks.


Message History

You hit Terence.
Terence is severely wounded.
Terence hits you with a +0 falchion.
* * * LOW HITPOINT WARNING * * *
You closely miss Terence.
Your tail-slap misses Terence.
Terence is severely wounded.
Terence barely misses you.
You hit Terence but do no damage.
Terence is severely wounded.
Terence closely misses you.
You hit Terence but do no damage.
Terence is severely wounded.
You hit Terence but do no damage.
Terence is severely wounded.
Terence hits you but does no damage.
You hit Terence but do no damage.
Terence is severely wounded.
Terence hits you with a +0 falchion.
* * * LOW HITPOINT WARNING * * *
You hit Terence but do no damage.
Terence is severely wounded.
Terence hits you with a +0 falchion.
* * * LOW HITPOINT WARNING * * *
You hit Terence but do no damage. You tail-slap Terence.
Terence is severely wounded.
Terence closely misses you.
You hit Terence but do no damage.
Your tail-slap misses Terence.
You punch Terence, but do no damage.
Terence is severely wounded.
Terence shouts, "Now you die!" Terence hits you with a +0 falchion.
* * * LOW HITPOINT WARNING * * *
You hit Terence but do no damage.
Terence is severely wounded.
Terence hits you with a +0 falchion.
* * * LOW HITPOINT WARNING * * *
You hit Terence.
Terence is almost dead.
Terence hits you with a +0 falchion.
You die...

...#.#.....# #. ####..PP..#
#.......##.### ##....##
...†..####....## ##..##
.......# ####... #.##
..#..#.# .. ... ##### #.#
............###.###...# #.#
..#...##..............# #.#
..#....# ##....)@.....#####.#
..>.............@..?........#
###.........................#
# ##### ##################.#
# ..# # #.# # #.# ## #.# .#
#.# .#


You could see Terence.

Vanquished Creatures
  An adder (D:2)
  2 ball pythons (D:1)
  2 bats (D:2)
  4 endoplasms
  A giant cockroach (D:1)
  3 goblins
  3 hobgoblins
  3 jackals (D:2)
  2 kobolds
  2 quokkas
  2 frilled lizards
  5 rats
30 creatures vanquished.

Notes
Turn   | Place    | Note
-------+----------+-------------------------------------------
     0 | D:1      | pkoi the Draconian Monk began the quest for the Orb.
     0 | D:1      | Reached XP level 1. HP: 19/19 MP: 1/1
   486 | D:1      | Reached XP level 2. HP: 26/26 MP: 2/2
  1227 | D:2      | Reached skill level 4 in Unarmed Combat
  1242 | D:2      | Reached XP level 3. HP: 25/31 MP: 3/3
  1665 | D:2      | Noticed Terence
  1684 | D:2      | HP: 1/31 [Terence (5)]
  1685 | D:2      | Slain by Terence

Illustrated notes

Levels and vault maps discovered:
D:1:      wander_arrival_abandoned_jail, layout_loops_corners
D:2:      minmay_door_path, layout_rooms, serial_park_tiny_1,
          chequers_decorated_corner, uniq_terence, uniq_jessica

Skill      XL: |  1  2 |
---------------+-------+-----
Unarmed Combat | 4 |  4.5
Fighting       | |  3.2
Dodging        | |  2.6
Stealth        | |  1.7

Action                   || total
-------------------------++-------
Melee: Unarmed           ||   118
       Tailslap          ||    15
       Punch             ||     4
 Stab: Sleeping          ||     9
Armor: Skin              ||    28
Dodge: Dodged            ||    76
